 Dungeon Crawl Stone Soup version 0.31-a0-557-g6e16503903 (webtiles) character file.

Game seed: 12583078508551385431

90 Shayle the Ruffian (level 4, -2/45 HPs)
             Began as an Ogre Shapeshifter on Aug 17, 2023.
             Slain by a kobold
             ... wielding a +0 whip
              (3 damage)
             ... on level 3 of the Dungeon.
             The game lasted 00:04:31 (2265 turns).

Shayle the Ruffian (Ogre Shapeshifter)              Turns: 2265, Time: 00:04:32

Health: -2/45      AC:  3    Str: 19    XL:     4   Next: 56%
Magic:  7/7        EV:  9    Int: 11    God:
Gold:   85         SH:  0    Dex:  9    Spells: 7/7 levels left

rFire   . .          .
                       - Unarmed
rCold   . . .        (no shield)
rNeg    . . .        a - +0 animal skin
rPois   .            (helmet currently unavailable)
rElec   .            (cloak currently unavailable)
rCorr   .            (gloves unavailable)
SInv    .            (boots unavailable)
Will    .....        (no amulet)
Stlth   +            i - +4 ring of slaying
HPRegen 0.27/turn    (no ring)
MPRegen 0.10/turn

%: no passive effects
@: beast-form
A: beast (slay +2), large, unfitting armour, tough skin 1
a: Begin Untransformation


You were on level 3 of the Dungeon.
You were a hulking beast.
You visited 1 branch of the dungeon, and saw 3 of its levels.

You collected 85 gold pieces.

Inventory:

Hand Weapons
 g - a +3 dagger
Armour
 a - a +0 animal skin (worn)
Jewellery
 i - a +4 ring of slaying (left hand)
 j - a +4 ring of protection
Talismans
 c - a beast talisman (active)
 d - a flux talisman
Potions
 b - 2 potions of lignification
 e - a potion of mutation
 h - a potion of ambrosia
 k - 2 potions of heal wounds {unknown}


   Skills:
 + Level 3.4 Fighting
 - Level 1.7 Dodging
 + Level 3.4 Unarmed Combat
 + Level 2.3 Spellcasting
 - Level 3.0 Shapeshifting


You had 7 spell levels left.
You didn't know any spells.
Your spell library was empty.

Dungeon Overview and Level Annotations

Branches:
Dungeon (3/15)

Altars:

Shops:
D:3 :

Annotations:
D:3 Robin


Innate Abilities, Weirdness & Mutations

You are a hulking beast.
Your limbs bulge with bestial killing power. (Slay +2)
You are too large for most types of armour.
You have tough skin. (AC +1)


Message History

An endoplasm comes into view.
You hit the sleepcap.
The sleepcap is moderately damaged.
The sleepcap releases spores at you but does no damage.
You hit the sleepcap but do no damage.
The sleepcap is moderately damaged.
The sleepcap closely misses you.
You hit the sleepcap but do no damage.
The sleepcap is moderately damaged.
The sleepcap releases spores at you.
You hit the sleepcap.
The sleepcap is moderately damaged.
You hit the sleepcap.
The sleepcap is heavily damaged.
The sleepcap releases spores at you. The kobold hits you with a +0 whip.
You hit the sleepcap.
The sleepcap is severely damaged.
The sleepcap releases spores at you!
You are engulfed in a cloud of soporific spores!
You fall asleep.
The kobold hits you with a +0 whip!
You wake up.
* * * LOW HITPOINT WARNING * * *
You hit the sleepcap.
The sleepcap is almost destroyed.
The sleepcap barely misses you. The kobold hits you with a +0 whip.
* * * LOW HITPOINT WARNING * * *
Unknown command.
You hit the sleepcap but do no damage.
The sleepcap is almost destroyed.
The sleepcap releases spores at you.
* * * LOW HITPOINT WARNING * * *
The kobold closely misses you. The endoplasm closely misses you.
Unknown command.
You hit the sleepcap.
The sleepcap is almost destroyed.
The sleepcap releases spores at you.
* * * LOW HITPOINT WARNING * * *
The endoplasm hits you but does no damage.
The kobold hits you with a +0 whip.
You die...

##############
#............#
##............#
###.........⌠.⌠.#
##...#######Kh...#
###..###
#....Jf∩..#
##...##
#.........# ...###
#.....⌠.⌠.# ....#
#..^....(.# ....#
#........##
........
..........#
.....###
##.?......# ##.#.#


You could see a sleepcap, an endoplasm and a kobold.

Vanquished Creatures
  3 adders
  A worm (D:2)
  3 orcs
  8 ball pythons
  6 endoplasms
  A giant cockroach (D:2)
  4 goblins
  3 hobgoblins
  6 jackals
  2 quokkas
  4 bats
  4 frilled lizards
  4 kobolds
  5 rats
54 creatures vanquished.

Notes
Turn   | Place    | Note
-------+----------+-------------------------------------------
     0 | D:1      | Shayle the Ogre Shapeshifter began the quest for the Orb.
     0 | D:1      | Reached XP level 1. HP: 19/19 MP: 1/1
     3 | D:1      | Noticed an electric eel
     4 | D:1      | Noticed an electric eel
   144 | D:1      | Reached XP level 2. HP: 13/28 MP: 1/3
   263 | D:1      | Reached skill level 1 in Spellcasting
   271 | D:1      | Found a faded altar of an unknown god.
   842 | D:2      | Reached XP level 3. HP: 36/36 MP: 3/5
  1265 | D:3      | Noticed Robin
  1460 | D:2      | Reached XP level 4. HP: 45/45 MP: 7/7
  2252 | D:3      | Found Ebeith's Vocational Training.
  2265 | D:3      | HP: 1/45 [sleepcap (6)]
  2265 | D:3      | Slain by a kobold

Illustrated notes

Levels and vault maps discovered:
D:1:      arrival_aquarium_b, layout_basic, ebering_ecumenical_altar_petrified
D:2:      layout_basic
D:3:      layout_rooms, reono_crystal_passage, nicolae_shop_vocational,
          uniq_robin

Skill      XL: |  1  2  3 |
---------------+----------+-----
Fighting       | 2 3 |  3.4
Spellcasting   | 1 2 |  2.3
Unarmed Combat | 3 |  3.4
Dodging        | |  1.7
Shapeshifting  | |  3.0

Action                     |  1- 3 |  4- 6 || total
---------------------------+-------+-------++-------
  Melee: Unarmed           |    94 |    42 ||   136
    Use: Scroll            |       |     6 ||     6
 Armour: Animal skin       |    44 |    15 ||    59
  Dodge: Dodged            |    52 |    21 ||    73

Table legend: (Time is in decaauts)
 A = Elapsed time spent in this place.
 B = Non-inter-level travel time spent in this place.
 C = Inter-level travel time spent in this place.
 D = Time resting spent in this place.
 E = Time spent auto-exploring this place.
 F = Levels seen in this place.
 G = Mean time per level.
                   A        B        C        D        E       F      G
               +--------+--------+--------+--------+--------+-----+--------+
         Total |   2256 |   2154 |    102 |    246 |   1477 |   3 |  752.0 |
       Dungeon |   2256 |   2154 |    102 |    246 |   1477 |   3 |  752.0 |
               +--------+--------+--------+--------+--------+-----+--------+

Top non-repeatable levels by time:
     D:2: 1250 daAuts
     D:1: 824 daAuts
     D:3: 182 daAuts
